 Dungeon Crawl Stone Soup version 0.24-a0-222-g1ac5efaa63 (webtiles) character file.

Game seed: 2675886960829911878

14 Redear the Grasshopper (level 2, -2/19 HPs)
             Began as an Octopode Warper on Mar 31, 2019.
             Slain by an adder (4 damage)
             ... on level 2 of the Dungeon.
             The game lasted 00:03:15 (1242 turns).

Redear the Grasshopper (Octopode Warper)            Turns: 1242, Time: 00:03:15

Health: -2/19      AC:  1    Str: 12    XL:     2   Next: 41%
Magic:  5/5        EV: 13    Int: 17    God:
Gold:   27         SH:  0    Dex: 11    Spells: 5/5 levels left

rFire    . . .     SeeInvis .   a - +0 falchion
rCold    . . .     Gourm    .   (no shield)
rNeg     . . .     Faith    .   (helmet restricted)
rPois    .         Spirit   .   (no amulet)
rElec    .         Reflect  .   (no ring)
rCorr    .         Harm     .   (no ring)
MR       .....                  (no ring)
Stlth    ++........             (no ring)
HPRegen  0.06/turn              (no ring)
MPRegen  0.09/turn              (no ring)
                                (no ring)
                                (no ring)

@: lethally poisoned (-2 -> -13)
A: almost no armour, stealthy swim, amphibious, 8 rings, constrict 8, camouflage
1, blink, clever 1, strong 1, gelatinous body 1
a: Blink


You were on level 2 of the Dungeon.
You were not hungry.

You visited 1 branch of the dungeon, and saw 2 of its levels.

You collected 27 gold pieces.

Inventory:

Hand Weapons
 a - a +0 falchion (weapon)
Missiles
 d - 5 tomahawks of dispersal (quivered)
 i - 5 silver javelins {=f}
 Q - 59 stones
Scrolls
 b - a scroll of immolation {unknown}
 e - a scroll of amnesia {unknown}
 j - a scroll of teleportation {unknown}
 B - a scroll of blinking {!r}
Potions
 g - a potion of ambrosia {unknown}
 h - a potion of invisibility {unknown}
Comestibles
 f - 5 rations


   Skills:
 + Level 2.2 Fighting
 + Level 2.2 Long Blades
 - Level 1.0 Throwing
 * Level 2.7 Dodging
 + Level 1.1 Stealth
 - Level 2.0 Spellcasting
   Level 3.0 Translocations


You had 5 spell levels left.
You didn't know any spells.
Your spell library contained the following spells:

 Spells                   Type           Power        Failure   Level  Hunger
 Blink                    Tloc           N/A          9%          2    ###....
 Shroud of Golubria       Chrm/Tloc      #.........   16%         2    ###....
 Gell's Gravitas          Tloc           ##........   17%         3    ###....
 Lesser Beckoning         Tloc           ##........   17%         3    ###....
 Teleport Other           Tloc           ##......     17%         3    ###....
 Passage of Golubria      Tloc           N/A          50%         4    #####..


Dungeon Overview and Level Annotations

Branches:
Dungeon (2/15)

Altars:


Innate Abilities, Weirdness & Mutations

You cannot wear most types of armour.
You are very stealthy in the water. (Stealth+)
You are amphibious.
You can wear up to eight rings at the same time.
You can use your tentacles to constrict eight enemies at once.
Your skin changes colour to match your surroundings (Stealth+).
Your rubbery body absorbs attacks. (AC +1, EV +1)
You can translocate small distances at will.
Your mind is acute. (Int +2)
Your muscles are strong. (Str +2)


Message History

Okay, then.
You hit the adder.
You feel sick. The adder bites you.
You take 5 damage, and have 10/19 hp.
MASSIVE DAMAGE!!
You hit the adder. The adder bites you.
* * * LOW HITPOINT WARNING * * *
You are more poisoned.
The adder poisons you! The adder closely misses you.
You take 5 damage, and have 5/19 hp.
MASSIVE DAMAGE!!
Unknown command.
You hit the adder.
* * * LOW HITPOINT WARNING * * *
You feel sick. The adder misses you.
You take 2 damage, and have 3/19 hp.
It was a potion of mutation.
You feel extremely strange.
You feel stronger.
You feel jittery.
You feel clever.
* * * LOW HITPOINT WARNING * * *
You feel sick. The adder bites you.
You die...

#.###..# #
###.#......###.####
................<...
####.######..##.####
####+#######.##.#
......".(# #..#.#
.........# ##.#.#
......S..# #.#.#
..."...@.####...#
.........'......#
.........#####..#
.........# #..#
.......?.# #..#
###...#### #..#
#.... ..># #....
#### ..


You could see an adder.

Levels and vault maps discovered:
D:1:      dpeg_arrival_solitude, layout_basic
D:2:      layout_basic, uniq_terence, uniq_natasha

Notes
Turn   | Place    | Note
-------+----------+-------------------------------------------
     0 | D:1      | Redear the Octopode Warper began the quest for the Orb.
     0 | D:1      | Reached XP level 1. HP: 14/14 MP: 3/3
    64 | D:1      | Identified a +0 club
   118 | D:1      | Identified a +0 dagger
   155 | D:1      | HP: 2/14 [dart slug/slug dart (3)]
   157 | D:1      | Reached XP level 2. HP: 3/19 MP: 5/5
   655 | D:1      | Identified a +0 club
   662 | D:1      | Reached skill level 1 in Stealth
  1046 | D:1      | Identified a +0 club
  1188 | D:2      | Identified a +0 dagger
  1241 | D:2      | HP: 3/19 [poisoned by an adder]
  1242 | D:2      | Identified a potion of mutation
  1242 | D:2      | Gained mutation: Your muscles are strong. (Str +2) [potion
                  | of mutation]
  1242 | D:2      | Gained mutation: You can translocate small distances at
                  | will. [potion of mutation]
  1242 | D:2      | Gained mutation: Your mind is acute. (Int +2) [potion of
                  | mutation]
  1242 | D:2      | Slain by an adder

Table legend:
 A = Turns spent in this place as a percentage of turns spent in the entire game.
 B = Non-inter-level travel turns spent in this place as a percentage of non-inter-level travel turns spent in the entire game.
 C = Inter-level travel turns spent in this place as a percentage of turns spent in this place.
 D = Turns resting spent in this place as a percentage of non-inter-level travel turns spent in this place.
 E = Turns spent auto-exploring this place as a percentage of non-inter-level travel turns spent in this place.
 F = Non-inter-level travel turns spent in this place divided by the number of levels of this place that you've seen.
                   A       B       C       D       E      F
               +-------+-------+-------+-------+-------+----------------------
         Total | 100.0 | 100.0 |   2.6 |  30.4 |  59.0 | 605.0
       Dungeon | 100.0 | 100.0 |   2.6 |  30.4 |  59.0 | 605.0
               +-------+-------+-------+-------+-------+----------------------

Table legend:
 A = Kills in this place as a percentage of kills in entire the game.
 B = Kills by you in this place as a percentage of kills by you in the entire game.
 C = Kills by friends in this place as a percentage of kills by friends in the entire game.
 D = Other kills in this place as a percentage of other kills in the entire game.
 E = Experience gained in this place as a percentage of experience gained in the entire game.
 F = Experience gained in this place divided by the number of levels of this place that you have seen.
                   A       B       C       D       E      F
               +-------+-------+-------+-------+-------+----------------------
         Total | 100.0 | 100.0 |   N/A |   N/A | 100.0 |  10.0
       Dungeon | 100.0 | 100.0 |   N/A |   N/A | 100.0 |  10.0
               +-------+-------+-------+-------+-------+----------------------

Skill      XL: |  1  2 |
---------------+-------+-----
Stealth        | 1 |  1.1
Fighting       | |  2.2
Long Blades    | |  2.2
Throwing       | |  1.0
Dodging        | |  2.7
Spellcasting   | |  2.0
Translocations | |  3.0

Action                   || total
-------------------------++-------
Melee: Falchion          ||    26
       Constrict         ||     5
       Tentacles         ||     5
  Use: Potion            ||     1
 Stab: Sleeping          ||     1
  Eat: Chunk             ||     1
Armor: Skin              ||     1
Dodge: Dodged            ||    13
       Rpst.: Falchion   ||     2

Vanquished Creatures
  A dart slug (D:1)
  3 hobgoblins (D:1)
  2 frilled lizards
  3 goblins
  A kobold (D:1)
  2 rats (D:1)
12 creatures vanquished.
